[Event "Live Chess"]
[Site "Chess.com"]
[Date "2023.05.20"]
[Round "-"]
[White "Long1968"]
[Black "EdenHazard8"]
[Result "0-1"]
[WhiteElo "1178"]
[BlackElo "2074"]
[TimeControl "300"]
[EndTime "15:43:00 PDT"]
[Termination "EdenHazard8 won on time"]

1. e4 e5 2. f4 Nc6 3. Bc4 exf4 4.
Nf3 g5 5. h4 g4 6. Ng5 Nh6 7.
O-O Bc5+ 8. Kh1 Ne5 9. Bb3 Ng6 10. d4 Nxh4 11. dxc5 Qxg5 12. Bxf4 Qh5 13. Bh2 O-O 14. Nd2 Qg5 15. g3 Nf3 16. Nxf3 gxf3 17. Qxf3 Ng4 18. Bxf7+ Kh8 19. Qc3+ Qg7 20. Qxg7+ Kxg7 21.
Bb3 Nf2+ 22. Kg2 Ng4 0-1

[Event "Live Chess"]
[Site "Chess.com"]
[Date "2023.05.20"]
[Round "-"]
[White "ShanthamGrarks"]
[Black "Cimon"]
[Result "0-1"]
[WhiteElo "1929"]
[BlackElo "1846"]
[TimeControl "300"]
[EndTime "15:43:07 PDT"]
[Termination "Cimon won by checkmate"]

1. d4 Nf6 2. Nc3 d6 3. e4 g6 4.
Bg5 Bg7 5. Be2 O-O 6. h4 Nc6 7. Nf3 Nd7 8. h5 h6 9. hxg6 hxg5 10. gxf7+ Rxf7 11. Nxg5 Nxd4 12. Nxf7 Kxf7 13. Rh7 e5 14. Bh5+ Kg8 15. Bg6 Nf6 16. Rh1 c6 17. Ne2 c5 18.
c3 Ne6 19. Bf5 Qb6 20. Rb1 Bd7 21. Ng3 Nf4 22. Bxd7 Nxd7 23. Qg4 Nf6 24. Qf3 Rd8 25. Nf5 d5 26. g3 dxe4 27. Qd1 Rxd1+ 28. Rxd1 Nd3+ 29.
Kf1 c4 30. Ne3 Nd5 31. Rxd3 cxd3 32. Nxd5 Qxb2 33. Kg2 Qxa2 34. Ne3 d2 35. Rd1 b5 36. Kf1 Bh6 37. Ng4 Kg7 38. Nxe5 Qc2 39. Ke2 a5 40. f4 exf3+ 41. Nxf3 Qxc3 42. Nh4 Qe3+ 43. Kf1 Kf6 44. g4 b4 45. g5+ Bxg5 46. Ng2 Qf3+ 47. Kg1 Qxd1+ 48.
Kh2 Qe2 49. Kh1 d1=Q+ 50. Kh2 Qdd2 51. Kg1 Qxg2# 0-1

[Event "Live Chess"]
[Site "Chess.com"]
[Date "2023.05.20"]
[Round "-"]
[White "lateforthesky"]
[Black "Hussamalhaidar"]
[Result "1-0"]
[WhiteElo "2107"]
[BlackElo "1030"]
[TimeControl "300"]
[EndTime "15:43:22 PDT"]
[Termination "lateforthesky won on time"]

1. e4 b6 2. d4 Bb7 3. Bd3 e6 4. c3 c5 5. Nf3 c4 6. Bc2 d5 7. e5 f6 8. O-O fxe5 9. Nxe5 Nf6 10. Bg5 Be7 11. Bxf6 Bxf6 12. Qh5+ g6 13. Bxg6+ hxg6 14. Qxg6+ Ke7 15. Qf7+ Kd6 16. Qxb7 Bxe5 17. dxe5+ Kxe5 18. Qxa8 Qc7 19. Nd2 Rc8 20. Rae1+ Kf6 21. Nf3 Na6 22.
Qxc8 Qxc8 23. Re3 Nc5 24. Rfe1 a5 25. Nd4 Ne4 26. Nxe6 Kxe6 27. f3 Kf5 28. fxe4+ dxe4 29. Rxe4 Qc5+ 30. Kf1 Qd6 31. Re5+ Qxe5 32. Rxe5+ Kxe5 33. Ke2 Kf4 34. b3 cxb3 35. axb3 b5 36. Kd2 b4 37. cxb4 axb4 38. Kd3 Ke5 39. Kc4 Kf4 40. Kxb4 Ke3 41. Kc5 Kf2 42. g4 Kg2 43. g5 Kxh2 44. g6 1-0

[Event "Live Chess"]
[Site "Chess.com"]
[Date "2023.05.20"]
[Round "-"]
[White "educatedlad"]
[Black "Delacorta"]
[Result "1/2-1/2"]
[WhiteElo "1628"]
[BlackElo "1430"]
[TimeControl "300"]
[EndTime "15:43:24 PDT"]
[Termination "Game drawn by repetition"]

1. e4 e6 2. d4 d5 3. e5 c5 4. c3 Nc6 5. Nf3 Qb6 6. Bd3 Bd7 7.
dxc5 Bxc5 8. b4 Bxf2+ 9. Kf1 Be3 10. Bxe3 Qxe3 11. Qe2 Qxe2+ 12. Bxe2 Nge7 13. a4 Ng6 14. b5 Ncxe5 15. Nxe5 Nxe5 16. Nd2 O-O 17. Rc1 Rfc8 18. Kf2 Nc4 19. Nxc4 dxc4 20. Rhd1 Be8 21. Rd4 a6 22. Rxc4 axb5 23. Rxc8 Rxc8 24. axb5 b6 25. c4 f6 26. Ra1 Bf7 27. Ra6 Rb8 28. Ke3 e5 29. Ke4 g6 30.
Bd3 Be6 31. h3 Bf5+ 32. Ke3 Bxd3 33. Kxd3 Kf7 34. g4 h5 35. Ra7+ Ke6 36. gxh5 gxh5 37. Rh7 Rd8+ 38. Kc3 Kf5 39. Rxh5+ Kg6 40. Rh4 Kg5 41. Re4 Kf5 42. Re3 e4 43. Kb4 Kf4 44. Re1 e3 45. c5 Rd4+ 46. Kc3 bxc5 47. Rf1+ Ke5 48. Re1 Kf4 49. Rf1+ Ke5 50. Re1 Kf4 1/2-1/2

[Event "Live Chess"]
[Site "Chess.com"]
[Date "2023.05.20"]
[Round "-"]
[White "AttackingSnowLeopard"]
[Black "HonestJoe1"]
[Result "1-0"]
[WhiteElo "2135"]
[BlackElo "2094"]
[TimeControl "300"]
[EndTime "15:43:24 PDT"]
[Termination "AttackingSnowLeopard won on time"]

1. d4 Nf6 2. c4 c5 3. d5 b5 4.
cxb5 a6 5. b6 Qxb6 6. Nc3 d6 7. e4 Nbd7 8. Be2 g6 9. Nf3 Bg7 10.
O-O O-O 11. Nd2 Rb8 12. Nc4 Qa7 13. Na5 Qc7 14. Nc6 Ra8 15. Nxe7+ Kh8 16. Nc6 Re8 17. f3 Bb7 18. Be3 Bxc6 19. dxc6 Qxc6 20. Bc4 Ne5 21. Bd5 Nxd5 22. Nxd5 Nc4 23. b3 Nxe3 24. Nxe3 Bxa1 25. Qxa1+ Kg8 26. Ng4 Re6 27. Nh6+ Kf8 28. Qh8+ Ke7 29. Qxh7 Rf8 30. Qg7 c4 31. bxc4 Qc5+ 32. Kh1 Qe5 33.
Qh7 Qh8 34. Qxh8 Rxh8 35. Ng4 Rc8 36. Ne3 Re5 37. Rb1 Ra5 38. Nd5+ Kf8 39. Nb6 Rc6 40.
a4 Kg7 41. Kg1 Rac5 42. Kf2 Rc7 43. Nd5 Rc8 44. Ne3 Ra5 45. Rb4 Rh8 46. h3 Rc8 47.
Ke2 Rg5 48. Ng4 f5 49. Rb7+ Kh8 50. Nf6 1-0

[Event "Live Chess"]
[Site "Chess.com"]
[Date "2023.05.20"]
[Round "-"]
[White "GMHarry-youtube"]
[Black "weibs440"]
[Result "1-0"]
[WhiteElo "2008"]
[BlackElo "941"]
[TimeControl "300"]
[EndTime "15:43:27 PDT"]
[Termination "GMHarry-youtube won on time"]

1. e4 d6 2. d4 Nf6 3. Nc3 Nbd7 4. f4 e5 5. Nf3 exd4 6. Nxd4 g6 7. Be3 Bg7 8. h3 O-O 9. g4 Re8 10. Bg2 Nc5 11.
O-O Nfxe4 12. Nxe4 Nxe4 13. Qd3 Nc5 14. Qd2 c6 15. f5 d5 16. Bh6 Ne4 17. Qc1 Bxh6 18.
Qxh6 Nf6 19. g5 c5 20. Qxg6+ hxg6 21. gxf6 cxd4 22. fxg6 fxg6 23. f7+ Kg7 24. fxe8=Q Qxe8 25. Rae1 Qg8 26. Re7+ Kh6 27. Rfe1 Bf5 28. R1e5 Bxc2 29. Bxd5 Qf8 30. Rf7 Qb4 31. Ree7 Rh8 32. h4 Qd2 33. Rf2 Qd1+ 34. Kh2 Qg4 35. h5 Qh4+ 36. Kg1 Qg4+ 37.
Rg2 Qd1+ 38. Kf2 Qd2+ 39. Re2 1-0

[Event "Live Chess"]
[Site "Chess.com"]
[Date "2023.05.20"]
[Round "-"]
[White "siddu198"]
[Black "domrobson"]
[Result "0-1"]
[WhiteElo "1623"]
[BlackElo "1787"]
[TimeControl "300"]
[EndTime "15:43:29 PDT"]
[Termination "domrobson won by resignation"]

1. e4 e5 2. Nf3 Nf6 3. Nxe5 d6 4.
Nf3 Nxe4 5. Nc3 Nxc3 6. dxc3 Qe7+ 7. Be3 Nc6 8. Bb5 Bd7 9. Bxc6 Bxc6 10. Qe2 O-O-O 11. O-O Re8 12. Rfe1 g6 13. c4 Bh6 14. Nd4 Bxe3 15. Nxc6 bxc6 16. Qxe3 Qxe3 17. Rxe3 Rxe3 18. fxe3 Kd7 19. Kf2 Ke6 20. Kf3 Ke5 21. Rd1 Rb8 22. b3 h5 23. h3 g5 24. g3 f5 25. c3 g4+ 26. hxg4 hxg4+ 27. Ke2 Rh8 28. Kd3 Rh2 29. c5 d5 30. c4 Rxa2 31. cxd5 cxd5 32. Kc3 c6 33.
Kb4 a5+ 34. Kc3 Rg2 35. Ra1 Rxg3 36. Kd3 f4 37. Rxa5 Rxe3+ 38. Kd2 Rxb3 39. Ra8 Rb5 40. Re8+ Kd4 41. Rf8 f3 42. Rf4+ Kxc5 43. Rxg4 Rb4 44. Rg3 Rf4 45. Ke3 f2 0-1

[Event "Live Chess"]
[Site "Chess.com"]
[Date "2023.05.20"]
[Round "-"]
[White "manthanit"]
[Black "Ed_Knox"]
[Result "1-0"]
[WhiteElo "1048"]
[BlackElo "1442"]
[TimeControl "300"]
[EndTime "15:43:37 PDT"]
[Termination "manthanit won on time"]

1. e4 d5 2. exd5 Qxd5 3. Nf3 c6 4. Nc3 Qd8 5. d4 Bf5 6. Be2 e6 7. h3 Nf6 8. a3 Be7 9. O-O O-O 10. Bc4 Nbd7 11. Bb3 Qc7 12. Nh4 Rad8 13. Nxf5 exf5 14. Qf3 g6 15. Bf4 Bd6 16. Bxd6 Qxd6 17. Rfe1 Rfe8 18.
Rxe8+ Rxe8 19. Ne2 Ne4 20. Rd1 Ndc5 21. Nc3 Nxb3 22.
cxb3 Ng5 23. Qd3 Ne6 24. d5 Rd8 25. Qe3 Nc5 26. dxc6 Qxd1+ 27. Nxd1 Rxd1+ 28. Kh2 bxc6 29.
Qxc5 Rd2 30. Qxa7 Rxb2 31. Qb6 Kg7 32. Qd4+ f6 33. Qxb2 g5 34. Qc3 f4 35. Qxc6 h5 36. b4 Kg6 37. b5 g4 38. b6 h4 39. hxg4 Kg5 40. f3 f5 41. gxf5 h3 42. gxh3 Kh4 43. Qc4 Kh5 44. b7 Kg5 45. Qf1 Kh4 46. a4 Kh5 47. a5 Kh4 48. a6 Kg5 49. a7 Kh5 50. f6 Kh4 51. f7 Kg5 52. h4+ Kh5 53. Kh3 Kg6 54. Kg4 Kh6 55. Kxf4 Kg6 56. Kg4 Kh6 57. f4 Kg6 58. h5+ Kh6 59. Kh4 Kg7 60. Qg2+ Kxf7 61. Qg6+ Ke7 62. h6 Kd7 63. Qg7+ Kd6 64. h7 Ke6 65.
Qe5+ Kf7 66. f5 1-0

[Event "Live Chess"]
[Site "Chess.com"]
[Date "2023.05.20"]
[Round "-"]
[White "Doge_Dandolo"]
[Black "LL220284LL"]
[Result "1-0"]
[WhiteElo "2043"]
[BlackElo "2385"]
[TimeControl "300"]
[EndTime "15:43:43 PDT"]
[Termination "Doge_Dandolo won by resignation"]

1. Nf3 b6 2. g3 Bb7 3. Bg2 c5 4. c4 e6 5. O-O Nf6 6. Nc3 Be7 7.
Re1 d5 8. cxd5 Nxd5 9. Nxd5 exd5 10. d4 O-O 11. Bf4 Nc6 12. Rc1 cxd4 13. Nxd4 Nxd4 14.
Qxd4 Bc5 15. Qd2 Qd7 16. b4 Be7 17. Rc7 Qa4 18. Rxe7 Ba6 19. Bxd5 Rad8 20. Rd1 Bc4 21. e4 Qxa2 22. Qxa2 Bxa2 23. Rxa7 Bc4 24. Rc7 Be2 25.
Rd2 Bg4 26. Rxf7 1-0

[Event "Live Chess"]
[Site "Chess.com"]
[Date "2023.05.20"]
[Round "-"]
[White "raimundklein"]
[Black "nigelst"]
[Result "1-0"]
[WhiteElo "1691"]
[BlackElo "1819"]
[TimeControl "300"]
[EndTime "15:43:44 PDT"]
[Termination "raimundklein won by resignation"]

1. e4 c6 2. Nf3 d5 3. exd5 cxd5 4.
Ne5 Nc6 5. Bb5 Bd7 6. Nxd7 Qxd7 7. d4 e6 8. O-O Bd6 9. c3 Nf6 10. f4 O-O 11. Nd2 a6 12. Bd3 b5 13. Qe2 Na5 14. Nf3 Nc4 15. Ne5 Qc7 16. g4 Nd7 17. g5 Ncxe5 18.
fxe5 Be7 19. Bxh7+ Kxh7 20. Qh5+ Kg8 21. Rf3 Nxe5 22.
Rh3 Nf3+ 23. Kh1 f6 24. g6 1-0

[Event "Live Chess"]
[Site "Chess.com"]
[Date "2023.05.20"]
[Round "-"]
[White "LiamClery2020"]
[Black "smoggyrabbit"]
[Result "1-0"]
[WhiteElo "2062"]
[BlackElo "1699"]
[TimeControl "300"]
[EndTime "15:43:49 PDT"]
[Termination "LiamClery2020 won by resignation"]

1. e4 e6 2. d4 d5 3. Nd2 c5 4. c3 cxd4 5. cxd4 dxe4 6. Nxe4 Nc6 7. Nf3 Bb4+ 8. Bd2 Bxd2+ 9. Qxd2 Nf6 10. Nxf6+ Qxf6 11. Bb5 Bd7 12. O-O a6 13. Bxc6 Bxc6 14. Ne5 O-O 15. Rac1 Bd5 16. Nd7 Qg6 17. f3 Rfd8 18. Ne5 Qf5 19. Rc7 Rac8 20. Rxf7 Qc2 21. Qg5 g6 22. Qf6 1-0

[Event "Live Chess"]
[Site "Chess.com"]
[Date "2023.05.20"]
[Round "-"]
[White "parcellforce"]
[Black "LodeshChess"]
[Result "0-1"]
[WhiteElo "1348"]
[BlackElo "1128"]
[TimeControl "300"]
[EndTime "15:44:03 PDT"]
[Termination "LodeshChess won by resignation"]

1. d4 Nf6 2. c4 e6 3. Nc3 Bb4 4. Nf3 Bxc3+ 5. bxc3 b6 6. Bg5 Bb7 7. e3 d6 8. Bd3 Nbd7 9. Bc2 h6 10. Bh4 d5 11. c5 bxc5 12. Ba4 Ba6 13. Bxd7+ Qxd7 14. Bxf6 gxf6 15. Nd2 Rg8 16. Qf3 f5 17. Nb3 cxd4 18. Nc5 Qc6 19. Nxa6 Qxa6 20. cxd4 Rb8 21. Qf4 Kd7 22.
Rc1 Qa5+ 23. Ke2 Rb2+ 24. Kf3 Rxf2+ 25. Kxf2 Qd2+ 26. Kf1 Qxg2+ 27. Ke1 Qxh1+ 28. Kd2 Rg2+ 29. Kd3 Qxc1 30. e4 Qxf4 31. e5 0-1

[Event "Live Chess"]
[Site "Chess.com"]
[Date "2023.05.20"]
[Round "-"]
[White "KeithArkell"]
[Black "Pablo_dmp"]
[Result "1-0"]
[WhiteElo "2608"]
[BlackElo "1874"]
[TimeControl "300"]
[EndTime "15:44:03 PDT"]
[Termination "KeithArkell won by resignation"]

1. d4 Nf6 2. Nf3 e6 3. c4 Bb4+ 4. Bd2 a5 5. g3 b6 6. Bg2 Bb7 7. O-O O-O 8. Ne5 Bxg2 9. Kxg2 d6 10. Nd3 Bxd2 11. Nxd2 Nbd7 12. Rc1 Re8 13. e3 Qc8 14. b3 Qb7+ 15. Qf3 Qxf3+ 16. Nxf3 e5 17. dxe5 dxe5 18.
Nd2 e4 19. Nf4 Ne5 20. h4 Nd3 21. Nxd3 exd3 22. Rfd1 Rad8 23. Nb1 Ng4 24. Rd2 Re7 25. Nc3 c6 26. Rcd1 Red7 27. Ne4 f5 28. Ng5 Rd6 29.
Nf3 Kf7 30. Nd4 g6 31. Rc1 Kf6 32. c5 bxc5 33. Rxc5 Ne5 34. f4 Ng4 35. Rxd3 Nxe3+ 36. Rxe3 Rxd4 37. Rxc6+ R8d6 38. Rxd6+ Rxd6 39. Kf2 Rd2+ 40. Re2 Rd4 41. Ke3 Re4+ 42. Kd3 Rb4 43. Kc3 h6 44. Re5 g5 45. hxg5+ hxg5 46. Rxa5 Re4 47. fxg5+ Kxg5 48. b4 Re3+ 49. Kd4 Rxg3 50. b5 Rg1 51. Ra3 Rd1+ 52. Ke3 f4+ 53. Ke2 Rb1 54. Rb3 Ra1 55. Rb2 Rc1 56. b6 Rc8 57. b7 Rb8 58. a4 Kg4 59. a5 Kg3 60. a6 f3+ 61. Kd3 f2 62. Rxf2 Kxf2 63. Kd4 Ke2 64. Kc5 Kd3 65. Kb6 1-0

[Event "Live Chess"]
[Site "Chess.com"]
[Date "2023.05.20"]
[Round "-"]
[White "elvenstar"]
[Black "hturner40"]
[Result "0-1"]
[WhiteElo "1561"]
[BlackElo "1813"]
[TimeControl "300"]
[EndTime "15:44:04 PDT"]
[Termination "hturner40 won by resignation"]

1. e4 Nc6 2. Nf3 e5 3. Bc4 Nf6 4. d3 Be7 5. Be3 d5 6. exd5 Nxd5 7. Bxd5 Qxd5 8. O-O O-O 9. Nbd2 Bg4 10. Qe1 Rae8 11.
h3 Bh5 12. Nh2 f5 13. Nb3 f4 14. Bd2 f3 15. g4 Bg6 16. Qe3 Nd4 17. Nxd4 exd4 18.
Qe1 Bd6 19. Qd1 Qe5 0-1

[Event "Live Chess"]
[Site "Chess.com"]
[Date "2023.05.20"]
[Round "-"]
[White "mikkyb4"]
[Black "MarkLim1"]
[Result "0-1"]
[WhiteElo "1001"]
[BlackElo "1657"]
[TimeControl "300"]
[EndTime "15:44:06 PDT"]
[Termination "MarkLim1 won by resignation"]

1. e4 e6 2. b3 d5 3. Bb2 dxe4 4. Nc3 Nf6 5. Qe2 Bd7 6. Nxe4 Nxe4 7. Qxe4 Bc6 8. Qe2 Nd7 9. O-O-O Qe7 10. Nf3 O-O-O 11.
Qe3 Kb8 12. Bd4 b6 13. Ba6 Qa3+ 14. Bb2 Qxa6 15. Nd4 Bb7 16. a4 Nf6 17. Nb5 Bc5 18.
Qe5 Bd6 19. Nxd6 cxd6 20. Qg3 Rhg8 21. f3 b5 22. Qf4 bxa4 23. Qxa4 Qxa4 24. bxa4 Nd5 25.
Rhe1 Rc8 26. Re4 a5 27. c4 Nb4 28. Kb1 Bxe4+ 29. fxe4 Rxc4 0-1

[Event "Live Chess"]
[Site "Chess.com"]
[Date "2023.05.20"]
[Round "-"]
[White "VicLemon"]
[Black "Duke_of_Bebington"]
[Result "1-0"]
[WhiteElo "1436"]
[BlackElo "1577"]
[TimeControl "300"]
[EndTime "15:44:12 PDT"]
[Termination "VicLemon won by resignation"]

1. d4 d5 2. Nf3 Nf6 3. c4 c6 4. g3 Bf5 5. Bg2 e6 6. b3 Nbd7 7. O-O Bd6 8. Bb2 O-O 9. Nbd2 Ne4 10. Nh4 Nxd2 11. Qxd2 Bg6 12. Nxg6 hxg6 13. e4 Qe7 14. e5 Bc7 15. Rac1 Rac8 16. c5 f6 17. f4 f5 18.
b4 Bd8 19. h4 b6 20. Kf2 Nb8 21. Rh1 Qf7 22. Bf1 bxc5 23. bxc5 Na6 24. Bxa6 Rb8 25.
Be2 Qb7 26. Bc3 Bc7 27. h5 Qa8 28. hxg6 1-0

[Event "Live Chess"]
[Site "Chess.com"]
[Date "2023.05.20"]
[Round "-"]
[White "jimwad"]
[Black "Conradical12"]
[Result "0-1"]
[WhiteElo "1223"]
[BlackElo "1617"]
[TimeControl "300"]
[EndTime "15:44:15 PDT"]
[Termination "Conradical12 won by resignation"]

1. d4 d5 2. c4 c6 3. Nc3 Nf6 4. e3 Bf5 5. Bd3 Bg6 6. Bxg6 hxg6 7. c5 Nbd7 8. h3 e5 9. dxe5 Nxe5 10. b4 a5 11. f4 Nc4 12. bxa5 Qxa5 13. Bd2 Bxc5 14. Nge2 Nxe3 15. Bxe3 Bxe3 16. Qd3 d4 0-1

[Event "Live Chess"]
[Site "Chess.com"]
[Date "2023.05.20"]
[Round "-"]
[White "Brooms1989"]
[Black "1600x"]
[Result "0-1"]
[WhiteElo "1079"]
[BlackElo "1782"]
[TimeControl "300"]
[EndTime "15:44:26 PDT"]
[Termination "1600x won by checkmate"]

1. e4 e5 2. Nc3 Nc6 3. f4 b5 4. fxe5 b4 5. Nd5 Qh4+ 6. g3 Qxe4+ 7. Kf2 Qxd5 8. Bg2 Bc5+ 9. Kf1 Qd4 10. Qe2 Rb8 11. Nf3 Qg4 12. d3 Nge7 13. Bf4 Nf5 14. h3 Nxg3+ 15. Bxg3 Qxg3 16. Rh2 Nd4 17. Nxd4 Bxd4 18.
e6 fxe6 19. Re1 O-O+ 20. Bf3 Qg1# 0-1

[Event "Live Chess"]
[Site "Chess.com"]
[Date "2023.05.20"]
[Round "-"]
[White "Nazar_777"]
[Black "fretle"]
[Result "1-0"]
[WhiteElo "1643"]
[BlackElo "1814"]
[TimeControl "300"]
[EndTime "15:44:26 PDT"]
[Termination "Nazar_777 won by resignation"]

1. e3 h5 2. h4 d6 3. a3 a5 4. c4 g6 5. Nc3 Bg7 6. Nf3 Bg4 7. Be2 Nh6 8. Qc2 Nd7 9. b3 e6 10. Bb2 Nf5 11. Rc1 Bxf3 12. Bxf3 Nxh4 13. Bxb7 Rb8 14. Bc6 Qg5 15. Rg1 Rb6 16. Bxd7+ Kxd7 17. Ne4 Qg4 18. Bxg7 Nf3+ 19. gxf3 Qxg1+ 20. Ke2 1-0

[Event "Live Chess"]
[Site "Chess.com"]
[Date "2023.05.20"]
[Round "-"]
[White "IgorSchukin"]
[Black "grillage"]
[Result "1-0"]
[WhiteElo "1740"]
[BlackElo "1853"]
[TimeControl "300"]
[EndTime "15:44:28 PDT"]
[Termination "IgorSchukin won by resignation"]

1. e4 d5 2. exd5 Qxd5 3. Nc3 Qd8 4. d4 Nf6 5. g3 Nc6 6. Nf3 Bg4 7. Be3 e6 8. Bg2 Bb4 9. O-O Bxc3 10. bxc3 O-O 11. Qd3 Bf5 12. Qe2 Ne4 13. c4 Bg4 14. h3 Bh5 15. g4 Bg6 16. Rfd1 Nc3 17. Qd2 Nxd1 18.
Rxd1 Qe7 19. d5 Rad8 20. Qc3 exd5 21. cxd5 Nb8 22. Bxa7 Nd7 23. Be3 Nf6 24. Bg5 h6 25. Bh4 Qd6 26. Bg3 Qb6 27. Bxc7 Rc8 28. Bxb6 Rxc3 29.
Ne5 Bxc2 30. Rd2 Ba4 31. d6 Ra8 32. Kh2 Bd7 33. Bd4 Rca3 34. Bxb7 Rxa2 35. Rxa2 Rxa2 36. Kg3 Ra4 37. Be3 Kf8 38. Nxd7+ Nxd7 39. Bc6 Ke8 40. Bxa4 Kd8 41. Bxd7 Kxd7 42. Bf4 g5 43. Be5 f6 44. Bxf6 Kxd6 45. f4 gxf4+ 46. Kxf4 Ke6 47. g5 hxg5+ 48. Kxg5 Kf7 49. h4 Kg8 50. Kh6 Kf7 51.
Bb2 Kg8 52. h5 Kf7 53. Kh7 Kf8 54. h6 Kf7 55. Bg7 Ke8 56. Kg8 1-0

[Event "Live Chess"]
[Site "Chess.com"]
[Date "2023.05.20"]
[Round "-"]
[White "birdseed45"]
[Black "JackCheetham1"]
[Result "0-1"]
[WhiteElo "1852"]
[BlackElo "1704"]
[TimeControl "300"]
[EndTime "15:44:39 PDT"]
[Termination "JackCheetham1 won by checkmate"]

1. e4 c5 2. Nf3 d6 3. d4 cxd4 4. Nxd4 Nc6 5. Nc3 Nf6 6. Be3 g6 7. Bb5 Bd7 8. O-O Bg7 9. h3 a6 10. Ba4 O-O 11. f4 b5 12. Bb3 e6 13. Nxc6 Bxc6 14. e5 dxe5 15. fxe5 Nd7 16. Bf4 Qb6+ 17. Kh1 Qb7 18. Qe2 Rad8 19. Rad1 Nc5 20. Rxd8 Rxd8 21. Kh2 Nxb3 22. axb3 h6 23. Nd1 g5 24. Bg3 Be4 25. Nc3 Bg6 26. Rd1 Rc8 27. Rd6 b4 28.
Na4 Rxc2 29. Qf1 Qe4 30. Rxa6 Bxe5 31. Bxe5 Qxe5+ 32. Kh1 Qg3 33. Ra8+ Kg7 34. Rd8 Be4 35. Qe1 Qxg2# 0-1

[Event "Live Chess"]
[Site "Chess.com"]
[Date "2023.05.20"]
[Round "-"]
[White "AlanPaling"]
[Black "stevochess11"]
[Result "1-0"]
[WhiteElo "1272"]
[BlackElo "1748"]
[TimeControl "300"]
[EndTime "15:44:48 PDT"]
[Termination "AlanPaling won by checkmate"]

1. c4 c5 2. Nf3 Nf6 3. d4 cxd4 4. Nxd4 e6 5. Nc3 a6 6. e4 Qc7 7. Be3 b6 8. Rc1 Bb7 9. f3 d6 10. Be2 Nbd7 11. O-O Be7 12. h3 O-O 13. b3 Rac8 14. Na4 Nc5 15. Nxc5 bxc5 16. Nc2 Rfd8 17. Ne1 d5 18.
cxd5 exd5 19. e5 Qxe5 20. Bf2 Bd6 21. g3 Nh5 22. f4 Nxf4 23. gxf4 Qxf4 24. Nf3 d4 25.
Re1 Re8 26. Kf1 Bxf3 27. Bxf3 Rxe1+ 28. Bxe1 Re8 29. Bf2 h6 30. Rc4 g5 31. b4 f5 32.
bxc5 Bxc5 33. Bxd4 Bd6 34. Qd3 Bc5 35. Bxc5 Qh2 36.
Bd5+ Kg7 37. Bd4+ Kg6 38. Rc6+ Kh5 39. Qf3+ g4 40. hxg4+ fxg4 41. Qf5+ Kh4 42. Bf2+ g3 43. Rxh6# 1-0

[Event "Live Chess"]
[Site "Chess.com"]
[Date "2023.05.20"]
[Round "-"]
[White "Daniel_Gliddon_FA"]
[Black "Fazer180"]
[Result "0-1"]
[WhiteElo "1263"]
[BlackElo "1755"]
[TimeControl "300"]
[EndTime "15:44:49 PDT"]
[Termination "Fazer180 won on time"]

1. e4 e6 2. d4 d5 3. exd5 exd5 4. Nf3 Be6 5. c4 dxc4 6. Nc3 Bb4 7. Bd2 Nc6 8. a3 Bxc3 9. Bxc3 Bd5 10. Be2 Nf6 11.
O-O O-O 12. Ne5 Nxe5 13. dxe5 Ne4 14. Bd4 c5 15. Bc3 Nxc3 16. bxc3 Re8 17. f4 Be6 18. f5 Bd5 19. e6 fxe6 20. fxe6 Bxe6 21. Bh5 Qxd1 22.
Raxd1 Red8 23. Rde1 g6 24. Bxg6 hxg6 25. Rxe6 Kh7 26. Rf7+ Kh6 27. Rff6 Rg8 28. g4 Raf8 29. h4 Rxf6 30. Rxf6 Kg7 31. g5 Rd8 32. Kf2 Rd3 33. Re6 Rxc3 34. Re7+ Kf8 35. Rxb7 Rxa3 36. Rc7 Ra5 37. Rc6 Kf7 38. Rc7+ Ke6 39. Rc6+ Kf5 40. Rf6+ Kg4 41. Rxg6 Kxh4 42. Rg8 c3 43. Ke3 c4 44. g6 Rd5 45. g7 c2 46. Rh8+ Rh5 47. g8=Q c1=Q+ 48. Kd4 Qb2+ 49. Ke3 Rxh8 50. Qxc4+ Kh3 51. Qe6+ Kh2 52. Qd6+ Kg1 53. Qg3+ Qg2 54. Qe1+ Kh2 0-1

[Event "Live Chess"]
[Site "Chess.com"]
[Date "2023.05.20"]
[Round "-"]
[White "SupremeTactician"]
[Black "WelshTiger"]
[Result "0-1"]
[WhiteElo "2346"]
[BlackElo "2369"]
[TimeControl "300"]
[EndTime "15:44:59 PDT"]
[Termination "WelshTiger won by resignation"]

1. e4 c5 2. Nf3 d6 3. d4 cxd4 4. Nxd4 Nf6 5. f3 e6 6. c4 Be7 7. Nc3 O-O 8. Be3 Nc6 9. Qd2 Nxd4 10. Bxd4 d5 11. cxd5 exd5 12. exd5 Bf5 13. Be2 b5 14. Bxb5 Rb8 15. O-O Nxd5 16. Bc4 Nxc3 17. bxc3 Bf6 18. Rad1 Bxd4+ 19. Qxd4 Qa5 20. Bb3 Bg6 21. c4 Rbc8 22.
Qd5 Rc5 23. Qd6 h6 24. Rd5 Rfc8 25. Rxc5 Rxc5 26. Rd1 Kh7 27. h3 Rg5 28. Rd5 Qe1+ 29. Kh2 f5 30. Rd1 Qf2 31. Rg1 Bh5 32. Qf4 Qc5 33. Rd1 Qf2 34. Rg1 Qc5 35. g4 Bg6 36. h4 fxg4 37. hxg5 Qf2+ 38. Kh1 gxf3 39. gxh6 Qe2 40. Qg4 Qd3 41. Qxg6+ Qxg6 42. Rxg6 f2 43. hxg7 f1=Q+ 44. Kh2 Qf2+ 45. Kh1 Qh4+ 46. Kg2 Qe4+ 47.
Kf2 Qxg6 48. c5 Qxg7 0-1

[Event "Live Chess"]
[Site "Chess.com"]
[Date "2023.05.20"]
[Round "-"]
[White "JoshMcK"]
[Black "martynstanley"]
[Result "0-1"]
[WhiteElo "1518"]
[BlackElo "1002"]
[TimeControl "300"]
[EndTime "15:45:09 PDT"]
[Termination "martynstanley won by resignation"]

1. e4 e6 2. d4 d5 3. Nc3 c5 4. exd5 exd5 5. dxc5 Bxc5 6. Qxd5 Qb6 7. Ne4 Ne7 8. Qxc5 Qxc5 9. Nxc5 O-O 10. Nf3 Re8 11. Be2 Nd5 12. Nd3 Bf5 13. Nd4 Bxd3 14. cxd3 Nc6 15.
O-O Nxd4 16. Bg4 Re7 17. Bg5 f6 18. Bh4 Rae8 19. f3 Ne2+ 20. Kh1 Nef4 21. Bf5 Ne3 22. Be4 Nxf1 23. Rxf1 g5 24. Bg3 b6 25. h3 h5 26.
Bxf4 gxf4 27. Rc1 Kf7 28. Rc6 Rd7 29. Rc3 Ree7 30. Kg1 Rc7 31. Rxc7 Rxc7 32. Bd5+ Ke7 33. Bb3 Rc1+ 34. Kf2 Rb1 35. h4 Rxb2+ 36. Kf1 Kd6 37. Kg1 a5 38. Kf1 Kc5 39. Bc4 b5 40.
Bb3 a4 41. Be6 Kd4 42. Ke1 Kxd3 0-1

[Event "Live Chess"]
[Site "Chess.com"]
[Date "2023.05.20"]
[Round "-"]
[White "fso"]
[Black "gmnorfolk"]
[Result "0-1"]
[WhiteElo "2228"]
[BlackElo "2137"]
[TimeControl "300"]
[EndTime "15:45:12 PDT"]
[Termination "gmnorfolk won by resignation"]

1. d4 Nf6 2. c4 e6 3. Nc3 Bb4 4. Nf3 d5 5. e3 O-O 6. Bd3 dxc4 7.
Bxc4 c5 8. O-O cxd4 9. Qxd4 Qxd4 10. Nxd4 Bxc3 11. bxc3 b6 12. Ba3 Rd8 13. Be7 Rd7 14.
Bxf6 gxf6 15. Bb5 Rc7 16. Rfc1 a6 17. Be2 Bb7 18. Rab1 Nd7 19. c4 Rac8 20. a4 Be4 21.
Rb4 e5 22. Nf3 Kf8 23. Nd2 Bc6 24. a5 bxa5 25. Rb2 Nc5 26. Nb3 Rb7 27. Nxc5 Rxb2 28. Bf1 a4 29. Nxa6 Ra8 30. Nc7 Rc8 31. Na6 a3 32.
Ra1 a2 33. h3 Ra8 34. c5 Rxa6 35. Bxa6 Rb1+ 0-1

[Event "Live Chess"]
[Site "Chess.com"]
[Date "2023.05.20"]
[Round "-"]
[White "xx_blindpuffin_xx"]
[Black "LiamBellwood"]
[Result "1-0"]
[WhiteElo "2208"]
[BlackElo "2077"]
[TimeControl "300"]
[EndTime "15:45:23 PDT"]
[Termination "xx_blindpuffin_xx won by resignation"]

1. d4 e6 2. Bf4 f5 3. e3 Nf6 4.
Nf3 b6 5. h3 Bb7 6. Be2 Be7 7.
O-O O-O 8. c4 Ne4 9. Nfd2 d6 10.
Bf3 Nd7 11. Nc3 Nxc3 12. bxc3 Bxf3 13. Nxf3 Bf6 14. Rb1 e5 15. dxe5 dxe5 16. Qd5+ Kh8 17. Bh2 e4 18. Nd4 Ne5 19. Ne6 Qxd5 20. cxd5 Rf7 21. c4 Nxc4 22. Rfc1 Ne5 23. Nxc7 Rc8 24.
Ne6 Rxc1+ 25. Rxc1 h6 26. Rc8+ Kh7 27. Nf8+ Kg8 28.
Ng6+ Kh7 29. Nxe5 Bxe5 30. Bxe5 1-0

[Event "Live Chess"]
[Site "Chess.com"]
[Date "2023.05.20"]
[Round "-"]
[White "karimghalambaz"]
[Black "HoarseyHorsey"]
[Result "1-0"]
[WhiteElo "1282"]
[BlackElo "1430"]
[TimeControl "300"]
[EndTime "15:45:37 PDT"]
[Termination "karimghalambaz won by resignation"]

1. d4 Nf6 2. Bf4 d5 3. e3 c5 4. c3 Nc6 5. Nf3 cxd4 6. exd4 e6 7. Nbd2 Bd6 8. Bg3 O-O 9. Bd3 Re8 10. Ne5 Qc7 11. f4 Nd7 12. O-O f6 13. Bxh7+ Kxh7 14. Qh5+ Kg8 15. Qxe8+ Bf8 16. Qf7+ Kh8 17. Ng6+ Kh7 18.
Nxf8+ Nxf8 19. Qxc7 1-0